 Dungeon Crawl Stone Soup version 0.25.0-11-g1f837a76a1 (webtiles) character file.

Game seed: 13172805517310459858

34947 Delamore the Blocker (level 13, -1/87 HPs)
             Began as a Gargoyle Fighter on June 27, 2020.
             Was the Champion of Okawaru.
             Killed from afar by an ice statue (14 damage)
             ... with a shard of ice
             ... in an ice cave.
             The game lasted 00:23:47 (20631 turns).

Delamore the Blocker (Gargoyle Fighter)            Turns: 20631, Time: 00:23:47

Health: -1/87      AC: 22    Str: 26    XL:     13   Next: 80%
Magic:  13/13      EV:  8    Int: 11    God:    Okawaru [******]
Gold:   1077       SH: 14    Dex: 15    Spells: 9/12 levels left

rFire    + . .     SeeInvis .   I - +4 mace (freeze)
rCold    + + .     Gourm    .   c - +0 kite shield
rNeg     + . .     Faith    +   z - +0 chain mail
rPois    ∞         Spirit   .   (no helmet)
rElec    +         Reflect  .   D - +0 cloak
rCorr    +         Harm     .   P - +0 pair of gloves {Str+3}
MR       .....                  g - +0 pair of boots
Stlth    ..........             x - amulet of faith
HPRegen  0.24/turn              a - ring of protection from cold
MPRegen  0.13/turn              H - ring "Viwnuf" {Wiz Dex+2}

@: resistant
A: agile 2, negative energy resistance 1, electricity resistance, unbreathing,
petrification resistance, rot immunity, AC +9
a: Heroism, Finesse, Renounce Religion


You were in an ice cave.
You worshipped Okawaru.
Okawaru was exalted by your worship.
You were not hungry.

You visited 3 branches of the dungeon, and saw 18 of its levels.
You also visited: Ossuary and Ice Cave.

You collected 1135 gold pieces.
You spent 58 gold pieces at shops.

Inventory:

Hand Weapons
 I - a +4 mace of freezing (weapon)
Missiles
 v - 33 poisoned darts
 M - 11 atropa-tipped darts
 N - 6 silver javelins (quivered)
Armour
 c - a +0 kite shield (worn)
 g - a +0 pair of boots (worn)
 n - a +0 kite shield of reflection
 z - a +0 chain mail (worn)
 D - a +0 cloak (worn)
 P - a +0 pair of gloves of strength (worn)
Jewellery
 a - a ring of protection from cold (left hand)
 x - an amulet of faith (around neck)
 H - the ring "Viwnuf" (right hand) {Wiz Dex+2}
   (You found it on level 1 of the Lair of Beasts)

   [ring of wizardry]

   It improves your spell success rate.
   It affects your dexterity (+2).
 S - an uncursed amulet of magic regeneration {unknown}
Wands
 e - a wand of digging (5)
 O - a wand of polymorph (15)
 R - a wand of random effects (18)
 T - a wand of paralysis (10)
Scrolls
 b - 2 scrolls of enchant weapon
 i - 2 scrolls of immolation
 j - 4 scrolls of enchant armour
 u - 7 scrolls of teleportation
 w - 4 scrolls of remove curse
 y - 4 scrolls of fog
 B - 2 scrolls of fear {unknown}
 C - 2 scrolls of vulnerability {unknown}
 F - a scroll of torment
 G - a scroll of magic mapping
 J - 3 scrolls of amnesia
 K - a scroll of acquirement {unknown}
 L - 2 scrolls of blinking
Potions
 d - a potion of might
 h - 2 potions of heal wounds
 k - 6 potions of degeneration
 l - a potion of flight
 o - 6 potions of brilliance
 p - 2 potions of mutation
 r - a potion of cancellation
 s - a potion of haste
 t - 5 potions of lignification
 E - 5 potions of curing
 Q - a potion of stabbing
Miscellaneous
 m - a phial of floods
 q - a phantom mirror
Comestibles
 f - 27 rations


   Skills:
 - Level 12.7 Fighting
 - Level 14.6 Maces & Flails
 - Level 3.2 Armour
 + Level 14.7 Shields


You had 9 spell levels left.
You knew the following spells:

 Your Spells              Type           Power        Failure   Level  Hunger
a - Vampiric Draining     Necr           #.........   93%         3    ####...

Your spell library contained the following spells:

 Spells                   Type           Power        Failure   Level  Hunger
 Animate Skeleton         Necr           N/A          65%         1    ##.....
 Corona                   Hex            #......      65%         1    ##.....
 Foxfire                  Conj/Fire      #...         65%         1    ##.....
 Pain                     Necr           #...         65%         1    ##.....
 Sandblast                Erth           #.....       65%         1    ##.....
 Shock                    Conj/Air       #...         65%         1    ##.....
 Passwall                 Tmut/Erth      #.......     77%         2    ###....
 Slow                     Hex            #.......     77%         2    ###....
 Swiftness                Chrm/Air       #.......     77%         2    ###....
 Conjure Flame            Conj/Fire      #.......     93%         3    ####...
 Inner Flame              Hex/Fire       #.......     93%         3    ####...
 Portal Projectile        Hex/Tloc       #.....       93%         3    ####...
 Recall                   Summ/Tloc      N/A          93%         3    ####...
 Static Discharge         Conj/Air       #.......     93%         3    ####...
 Stone Arrow              Conj/Erth      #.....       93%         3    ####...
 Airstrike                Air            #.........   100%        4    #####..
 Animate Dead             Necr           N/A          100%        4    #####..
 Cause Fear               Hex            #.........   100%        4    #####..
 Leda's Liquefaction      Hex/Erth       #.........   100%        4    #####..
 Petrify                  Tmut/Erth      #.......     100%        4    #####..
 Sticky Flame             Conj/Fire      #.......     100%        4    #####..
 Agony                    Necr           #.......     100%        5    ######.
 Aura of Abjuration       Summ           #.........   100%        5    ######.
 Bolt of Magma            Conj/Fire/Erth #.........   100%        5    ######.
 Fireball                 Conj/Fire      #.........   100%        5    ######.
 Iskenderun's Battlesphe  Conj/Chrm      #.......     100%        5    ######.
 Lee's Rapid Deconstruct  Erth           #.........   100%        5    ######.
 Lightning Bolt           Conj/Air       #.........   100%        5    ######.
 Summon Demon             Summ           #.........   100%        5    ######.
 Summon Forest            Summ/Tloc      #.........   100%        5    ######.
 Summon Mana Viper        Hex/Summ       #.......     100%        5    ######.
 Iron Shot                Conj/Erth      #.........   100%        6    #######
 Shadow Creatures         Summ           N/A          100%        6    #######
 Orb of Destruction       Conj           #.........   100%        7    #######
 Spellforged Servitor     Conj/Summ      #.........   100%        7    #######


Dungeon Overview and Level Annotations

Branches:
Dungeon (11/15)            Temple (1/1) D:7            Lair (6/6) D:8
  Swamp (0/4) Lair:2       Spider (0/4) Lair:3        Slime (0/5) Lair:5
Ossuary (visited)           IceCv (1/1)
    Orc: D:9-12

Altars:
Ashenzari
Cheibriados
Dithmenos
Elyvilon
Fedhas
Gozag
Hepliaklqana
Kikubaaqudgha
Makhleb
Nemelex Xobeh
Okawaru
Qazlal
Ru
Sif Muna
Trog
Uskayaw
Vehumet
Wu Jian
Xom
Yredelemnul
Zin
The Shining One
Jiyva

Shops:
D:4 :   D:5 :   D:8 *

Annotations:
Lair:2 exclusion: oklob plant
Lair:5 1 runed translucent door IceCv 1 transporter, exclusion: ice statue


Innate Abilities, Weirdness & Mutations

You are resistant to torment.
Your stone body is resilient. (AC +9)
You are immune to poison.
You resist negative energy. (rN+)
You are resistant to electric shocks. (rElec)
You can survive without breathing.
You are immune to petrification.
You are immune to rotting.
You are very agile. (Dex +4)


Message History

You block the ice beast's attack.
You hit the ice statue.
The ice statue is heavily damaged.
You are engulfed in freezing vapours.
You resist. You block the ice beast's attack. x2
You thump the ice statue!
The ice statue is severely damaged.
You are engulfed in freezing vapours.
You resist. The ice beast barely misses you. You block the ice beast's attack.
You sock the ice statue!
The ice statue is severely damaged.
You are engulfed in freezing vapours.
You resist.
* * * LOW HITPOINT WARNING * * *
You block the ice beast's attack. x2
You sock the ice statue!
The ice statue is almost destroyed.
You block the ice beast's attack. The ice beast closely misses you.
The ice statue gestures at you. The shard of ice hits you!
You partially resist.
You die...

#####
####...###
##........##
##..........#
##...........#
#..........8.#
#.........%.?#
#.∩.©.YY°?.|©#
#.....°@○.$.%#
#......Y8..8.#
##...........#
##..........#
##........##
####...###
#####


You could see an ice statue and 3 ice beasts.

Vanquished Creatures
  9 hydras
  A catoblepas (Lair:4)
  A two-headed ogre (D:8)
  Urug (D:10)
  A necromancer (Lair:4)
  2 ugly things (IceCv)
  A cyclops (D:8)
  3 elephants
  A black mamba (Lair:6)
  An ice statue (IceCv)
  12 spiny frogs
  A gargoyle (D:10)
  2 ice devils (Lair:6)
  5 komodo dragons
  A troll (D:10)
  2 polar bears
  10 blink frogs
  A slime creature (Lair:3)
  8 hippogriffs
  2 dream sheep (D:8)
  14 yaks
  2 wyverns
  2 basilisks
  A hungry ghost (D:7)
  Grum (D:9)
  2 vampire mosquitoes (Lair:6)
  2 steam dragons
  4 swamp worms (Lair:2)
  10 water moccasins
  5 porcupines
  7 ice beasts
  4 orc warriors
  A sky beast (D:5)
  A black bear (D:9)
  A phantom (D:7)
  2 necrophages
  5 ogres
  10 wolves
  4 centaurs
  15 crocodiles
  2 elf zombies (Ossuary)
  12 bullfrogs
  3 big kobolds (D:8)
  5 scorpions
  6 killer bees (D:9)
  4 wights (D:6)
  3 howler monkeys (D:7)
  2 bullfrog zombies
  3 crimson imps
  Crazy Yiuf (D:7)
  2 human zombies
  8 jellies
  A centaur zombie (Ossuary)
  5 orc priests
  8 hounds
  2 bullfrog skeletons
  A gnoll shaman (D:8)
  5 iguanas
  7 orc wizards
  2 human skeletons (D:4)
  2 hell rats (D:8)
  7 worker ants
  4 yak simulacra (Lair:4)
  2 polar bear simulacra (Lair:4)
  4 wolf simulacra (Lair:4)
  A big kobold zombie (Ossuary)
  2 hound zombies (Ossuary)
  A hound skeleton (D:4)
  3 mummies (Ossuary)
  A worker ant zombie (D:5)
  7 gnolls
  14 adders
  10 river rats (D:8)
  2 shadow imps
  18 oozes (Lair:3)
  7 adder zombies
  8 adder skeletons
  3 worms
  2 dart slugs (D:1)
  7 leopard geckos
  36 orcs
  11 bats
  5 giant cockroaches
  6 goblins
  7 hobgoblins
  12 jackals
  11 quokkas
  A ball python (D:4)
  6 frilled lizards
  A gnoll zombie (Ossuary)
  4 goblin zombies (Ossuary)
  2 hobgoblin zombies (Ossuary)
  A jackal skeleton (D:2)
  4 jackal zombies (Ossuary)
  9 kobolds
  3 kobold zombies (Ossuary)
  A leopard gecko skeleton (D:4)
  A leopard gecko zombie (D:8)
  3 orc skeletons (D:4)
  5 quokka zombies
  29 rats
  6 rat zombies (Ossuary)
  A river rat simulacrum (Lair:4)
510 creatures vanquished.

Vanquished Creatures (others)
  6 fungi
  32 plants (Lair:6)
38 creatures vanquished.

Grand Total: 548 creatures vanquished

Notes
Turn   | Place    | Note
-------+----------+-------------------------------------------
     0 | D:1      | Delamore the Gargoyle Fighter began the quest for the Orb.
     0 | D:1      | Reached XP level 1. HP: 14/14 MP: 1/1
    51 | D:1      | Reached XP level 2. HP: 19/19 MP: 2/2
   296 | D:1      | Reached XP level 3. HP: 24/24 MP: 3/3
   769 | D:2      | Reached XP level 4. HP: 30/30 MP: 4/4
  1236 | D:2      | Found a hide-covered altar of Uskayaw.
  1383 | D:2      | Reached XP level 5. HP: 34/34 MP: 5/5
  1607 | D:3      | Reached skill level 5 in Fighting
  1666 | D:3      | Found a shimmering altar of Xom.
  2083 | D:3      | Reached XP level 6. HP: 40/40 MP: 6/6
  2400 | D:4      | Reached skill level 5 in Maces & Flails
  2495 | D:4      | Reached XP level 7. HP: 24/47 MP: 7/7
  2607 | D:4      | Found a shattered altar of Ashenzari.
  2693 | D:4      | Found a sand-covered staircase.
  2701 | Ossuary  | Entered an ossuary
  3554 | Ossuary  | Gained mutation: Your spells are a little harder to cast,
                  | but a little more powerful. [potion of mutation]
  3554 | Ossuary  | Gained mutation: You are dopey. (Int -2) [potion of
                  | mutation]
  3554 | Ossuary  | Gained mutation: You can translocate small distances at
                  | will. [potion of mutation]
  3555 | Ossuary  | Lost mutation: You are dopey. (Int -2) [potion of mutation]
  3555 | Ossuary  | Lost mutation: Your spells are a little harder to cast, but
                  | a little more powerful. [potion of mutation]
  3555 | Ossuary  | Lost mutation: You can translocate small distances at will.
                  | [potion of mutation]
  3555 | Ossuary  | Gained mutation: You are agile. (Dex +2) [potion of
                  | mutation]
  3555 | Ossuary  | Gained mutation: You are very agile. (Dex +4) [potion of
                  | mutation]
  3596 | D:4      | Reached XP level 8. HP: 53/53 MP: 8/8
  3655 | D:4      | Found an opulent altar of Gozag.
  3655 | D:4      | Found a glowing silver altar of Zin.
  4135 | D:4      | Found Gok Gain's Book Shop.
  4189 | D:5      | Entered Level 5 of the Dungeon
  4411 | D:5      | Got an ichor-stained falchion
  4412 | D:5      | Identified the +10 falchion of Ycuro {drain, Int+2} (You
                  | found it on level 5 of the Dungeon)
  4448 | D:5      | Found Kesheri's Book Emporium.
  4921 | D:6      | Reached XP level 9. HP: 34/62 MP: 9/9
  5125 | D:6      | Reached skill level 10 in Fighting
  5163 | D:6      | Found a shadowy altar of Dithmenos.
  5873 | D:7      | Found a staircase to the Ecumenical Temple.
  5883 | Temple   | Entered the Ecumenical Temple
  6097 | Temple   | Became a worshipper of Warmaster Okawaru
  6740 | D:7      | Found a glowing golden altar of the Shining One.
  6740 | D:7      | Found an ancient bone altar of Kikubaaqudgha.
  6797 | D:7      | Reached * piety under Okawaru
  6812 | D:7      | Reached XP level 10. HP: 57/71 MP: 10/10
  7284 | D:7      | Found a runed translucent door.
  7285 | D:7      | Noticed Crazy Yiuf
  7311 | D:7      | Killed Crazy Yiuf
  7427 | D:8      | Reached skill level 10 in Maces & Flails
  7432 | D:8      | Reached ** piety under Okawaru
  7876 | D:8      | Found a staircase to the Lair.
  7912 | D:8      | Found a hazy altar of Hepliaklqana.
  8012 | D:8      | Reached *** piety under Okawaru
  8183 | D:8      | Noticed a three-headed hydra
  8193 | D:8      | Killed a three-headed hydra
  8193 | D:8      | Reached **** piety under Okawaru
  8282 | D:8      | Found Olaeci's Assorted Antiques.
  8316 | D:8      | Bought a scroll of identify for 58 gold pieces
  8575 | D:8      | Noticed a two-headed ogre
  8595 | D:8      | Killed a two-headed ogre
  8595 | D:8      | Reached ***** piety under Okawaru
  8595 | D:8      | Reached XP level 11. HP: 33/76 MP: 11/11
  9037 | D:8      | Noticed a cyclops
  9049 | D:8      | Killed a cyclops
 10568 | D:9      | Noticed Grum
 10587 | D:9      | Killed Grum
 10944 | D:10     | Entered Level 10 of the Dungeon
 11214 | D:10     | Noticed Urug
 11236 | D:10     | Killed Urug
 11236 | D:10     | Received a gift from Okawaru
 11236 | D:10     | Reached skill level 5 in Shields
 11483 | D:10     | HP: 1/76 [gargoyle/stone arrow (13)]
 11987 | D:10     | Found a burning altar of Makhleb.
 11987 | D:10     | Noticed a green death
 12406 | Lair:1   | Entered Level 1 of the Lair of Beasts
 12549 | Lair:1   | Noticed a four-headed hydra
 12559 | Lair:1   | Killed a four-headed hydra
 13024 | Lair:1   | Got a coiled bone ring
 13116 | Lair:1   | Received a gift from Okawaru
 13542 | Lair:2   | Noticed a four-headed hydra
 13554 | Lair:1   | Killed a four-headed hydra
 13554 | Lair:1   | Reached XP level 12. HP: 47/82 MP: 12/12
 14869 | Lair:2   | Found an iron altar of Okawaru.
 14884 | Lair:2   | Noticed a four-headed hydra
 14898 | Lair:2   | Killed a four-headed hydra
 14941 | Lair:2   | Noticed an eight-headed hydra
 14984 | Lair:3   | Found a hole to the Spider Nest.
 15507 | Lair:2   | Killed an eight-headed hydra
 15691 | Lair:2   | Found a staircase to the Swamp.
 16484 | Lair:3   | Reached skill level 10 in Shields
 16731 | Lair:3   | Received a gift from Okawaru
 17544 | Lair:4   | Noticed an eight-headed hydra
 17556 | Lair:4   | Killed an eight-headed hydra
 17783 | Lair:4   | Reached XP level 13. HP: 74/87 MP: 13/13
 18891 | Lair:4   | Identified the ring "Viwnuf" {Wiz Dex+2} (You found it on
                  | level 1 of the Lair of Beasts)
 18904 | Lair:5   | Learned a level 3 spell: Vampiric Draining
 19016 | Lair:5   | Received a gift from Okawaru
 19726 | Lair:5   | Found a runed translucent door.
 19728 | Lair:5   | Found a viscous altar of Jiyva.
 19729 | Lair:5   | Found a staircase to the Slime Pits.
 19993 | Lair:6   | Entered Level 6 of the Lair of Beasts
 20035 | Lair:6   | Reached ****** piety under Okawaru
 20068 | Lair:6   | HP: 1/87 [spiny frog (11)]
 20071 | Lair:6   | Received a gift from Okawaru
 20178 | Lair:6   | Found a frozen archway.
 20319 | IceCv    | Entered an ice cave
 20571 | IceCv    | Found a transporter.
 20597 | IceCv    | Found a transporter.
 20631 | IceCv    | Killed from afar by an ice statue

Illustrated notes

Levels and vault maps discovered:
D:1:      lemuel_arrival_lava_pool, layout_loops_ring, chequers_garden
D:2:      layout_rooms, eat_drink_and_be_merry_uskayaw
D:3:      layout_loops_ring, overflow_temple_1_default
D:4:      layout_loops_ring, grunt_temple_overflow_gold_and_silver,
          ashenzari_altar_1, nicolae_ossuary_entry_catacombs, serial_shops,
          nicolae_shop_crystal, first_ration
D:5:      layout_rooms, serial_shops, shop
D:6:      layout_gridville, marbit_many_paths
D:7:      layout_basic, gammafunk_temple_overflow_statue,
          minmay_temple_entry_gardened_gates, uniq_crazy_yiuf_cottage
D:8:      lemuel_ratsnest, layout_loops_ring, lemuel_round_altar,
          lair_entry_dummy, serial_shops, nicolae_shop_overgrown_old_shop,
          hangedman_ranch [blue_anna_fruit_fields], minmay_pinched_square
D:9:      layout_basic, grunt_decor_arrowhead, uniq_grum
D:10:     layout_roguey, makhleb_altar_promises_db, uniq_psyche, uniq_urug
D:11:     layout_irregular_city, minmay_increasing_density
Temple:   nicolae_temple_figure_eight
Lair:1:   layout_gridlike, infiniplex_staircase_pool
Lair:2:   layout_loops_ring, palyth_hydra_swamp_entry, basic_altar,
          minmay_lair_oklob_bushes, grunt_forest_small_clearing_treed,
          grunt_megastairs_3, lemuel_fruit_tree
Lair:3:   lemuel_slime, layout_cave_pods, dummy_spider_entry
Lair:4:   layout_cave_pods, eino_house_with_fridge
Lair:5:   layout_regular_city, slime_altar_2, nicolae_lair_grove_arrangements
Lair:6:   minmay_lair_end_frog_pond, layout_regular_city,
          portal_ice_cave_demonic_guard
IceCv:    ice_cave_statue_garden_transporter

Skill      XL: |  1  2  3  4  5  6  7  8  9 10 11 12 13 |
---------------+----------------------------------------+-----
Fighting       | 4 5 6 7 9 11 12 | 12.7
Maces & Flails | 3 4 5 6 7 9 12 13 14 | 14.6
Shields        | 6 11 14 | 14.7
Armour         | |  3.2

Action                   |  1- 3 |  4- 6 |  7- 9 | 10-12 | 13-15 || total
-------------------------+-------+-------+-------+-------+-------++-------
Melee: Flail             |    14 |       |       |       |       ||    14
       Whip              |    50 |   233 |   397 |       |       ||   680
       Falchion          |       |       |   121 |       |       ||   121
       Mace              |       |       |    46 |   892 |   381 ||  1319
Throw: Javelin           |       |       |       |     7 |       ||     7
       Throwing net      |       |       |       |     1 |       ||     1
Invok: Finesse           |       |       |       |     2 |       ||     2
       Heroism           |       |       |       |     2 |     3 ||     5
  Use: Scroll            |       |     5 |     8 |     7 |     9 ||    29
       Potion            |       |       |     2 |     2 |    10 ||    14
  Eat: Chunk             |       |     5 |    10 |    25 |     6 ||    46
       Ration            |       |       |     2 |     3 |     1 ||     6
Armor: Scale mail        |    23 |   141 |   133 |       |       ||   297
       Chain mail        |       |       |   117 |   466 |   266 ||   849
Dodge: Dodged            |    17 |    78 |   105 |   145 |   115 ||   460
Block: Kite shield       |    21 |   121 |   245 |   397 |   299 ||  1083
       Rpst.: Falchion   |       |       |    10 |       |       ||    10
